 Dungeon Crawl Stone Soup version 0.30-a0-292-g0f741e3f8e (webtiles) character file.

Game seed: 11527721652194232946

381 ryw the Trooper (level 6, -1/79 HPs)
             Began as a Demonspawn Monk on Oct 18, 2022.
             Was the Champion of Ignis.
             Slain by Duvessa
             ... wielding a +0 short sword
              (8 damage)
             ... on level 4 of the Dungeon.
             The game lasted 00:07:13 (2699 turns).

ryw the Trooper (Demonspawn Monk)                   Turns: 2699, Time: 00:07:13

Health: -1/79      AC: 23    Str: 11    XL:     6   Next: 46%
Magic:  0/6        EV:  2    Int: 12    God:    Ignis [******]
Gold:   201        SH:  0    Dex: 17    Spells: 5/5 levels left

rFire   + + .      SeeInvis .    o - +0 war axe
rCold   . . .      Faith    .    (no shield)
rNeg    . . .      Spirit   +    (body armour currently unavailable)
rPois   +          Reflect  .    (helmet currently unavailable)
rElec   .          Harm     .    (cloak currently unavailable)
rCorr   .          Rampage  .    (gloves currently unavailable)
Will    .....      NoTele   +    (boots currently unavailable)
Stlth   +.........               e - amulet of guardian spirit
HPRegen 0.33/turn                t - ring of poison resistance
MPRegen 0.10/turn                u - ring of protection from fire

@: brilliant, lit by a corona, tree-form, hasted, glowing, very quick
A: stationary, stasis, torment immunity, boosted hp, (sharp scales 1), (demonic
touch 1)
a: Renounce Religion, Fiery Armour, Foxfire Swarm, Rising Flame


You were on level 4 of the Dungeon.
You worshipped Ignis.
Ignis was exalted by your worship.
You were a tree.
You visited 1 branch of the dungeon, and saw 4 of its levels.

You collected 201 gold pieces.

Inventory:

Hand Weapons
 o - a +0 war axe (weapon)
Armour
 d - a +1 pair of gloves (melded)
 n - a +0 ring mail (melded)
 w - a +1 robe of the Archmagi
Jewellery
 e - an amulet of guardian spirit (around neck)
 t - a ring of poison resistance (left branch)
 u - a ring of protection from fire (right branch)
Scrolls
 a - a scroll of teleportation
Potions
 c - 3 potions of cancellation
 h - 2 potions of lignification
 i - 3 potions of might {unknown}
 m - a potion of degeneration {unknown}
 q - a potion of mutation {unknown}


   Skills:
 + Level 6.4 Fighting
 - Level 3.0 Axes
 - Level 2.6 Dodging
 - Level 1.7 Stealth
 - Level 2.6 Unarmed Combat


You had 5 spell levels left.
You didn't know any spells.
Your spell library contained the following spells:

 Spells                   Type           Power      Damage    Failure   Level
 Gell's Gravitas          Tloc           0%         N/A       69%         3
 Lesser Beckoning         Tloc           0%         N/A       69%         3
 Teleport Other           Tloc           0%         N/A       69%         3


Dungeon Overview and Level Annotations

Branches:
Dungeon (4/15)
 Temple: D:4-7

Altars:
Dithmenos
Okawaru
Ignis

Shops:
D:3 =

Annotations:
D:4 Duvessa, Eustachio


Innate Abilities, Weirdness & Mutations

You are a tree.
Your roots penetrate the ground, keeping you stationary.
You cannot be teleported.
You are immune to unholy pain and torment.
Your maximum health is greatly increased.
Your equipment is partially melded.
((You are partially covered in razor-sharp scales. (AC +1, Slay +1)))
((Your touch may inflict minor irresistible damage on your foes.))


Message History

Duvessa hits you with a +0 short sword!
* * * LOW HITPOINT WARNING * * *
It was a potion of lignification.
You turn into a tree.
Your +1 pair of gloves melds into your body.
Your +0 ring mail melds into your body.
Your roots penetrate the ground.
Duvessa barely misses you.
You hit Duvessa.
Duvessa is lightly wounded.
Duvessa hits you with a +0 short sword.
* * * LOW HITPOINT WARNING * * *
You are confused.
You feel invigorated. Duvessa hits you but does no damage.
You cannot move. (Use ctrl+direction or * direction to attack while stationary and confused.)
You cannot move. (Use ctrl+direction or * direction to attack while stationary and confused.)
You cannot move. (Use ctrl+direction or * direction to attack while stationary and confused.)
You cannot move. (Use ctrl+direction or * direction to attack while stationary and confused.)
You cannot move. (Use ctrl+direction or * direction to attack while stationary and confused.)
You hit Duvessa.
Duvessa is lightly wounded.
Duvessa hits you but does no damage.
You closely miss Duvessa. Duvessa hits you with a +0 short sword!
* * * LOW HITPOINT WARNING * * *
Duvessa completely misses you.
You hit Duvessa. Duvessa hits you but does no damage.
You closely miss Duvessa.
You feel less invigorated.
You feel less confused. Duvessa hits you with a +0 short sword!
* * * LOW HITPOINT WARNING * * *
Duvessa hits you with a +0 short sword.
* * * LOW HITPOINT WARNING * * *
You barely miss Duvessa.
Duvessa is lightly wounded.
Duvessa hits you but does no damage.
You hit Duvessa.
Duvessa is moderately wounded.
Duvessa barely misses you.
You slash Duvessa!
Duvessa is heavily wounded.
Duvessa barely misses you. Duvessa hits you with a +0 short sword!
You die...

#.........#
#.........#######
#.......$........
#................
#................
#................
#......"..)......
#####.......♣e......
....................
####..†#...........
#....#)##.......|..
...#. #.######.#####
###. #.# .# # #.# .#
#)# .# #)#


You could see Duvessa (berserk).

Vanquished Creatures
  An ogre (D:4)
  Dowan (D:4)
  2 hounds
  Jessica (D:3)
  5 adders
  4 gnolls
  2 worms
  3 orcs (D:3)
  4 endoplasms
  3 giant cockroaches
  7 goblins
  12 hobgoblins
  2 jackals (D:1)
  7 kobolds
  3 quokkas
  3 ball pythons
  6 bats
  4 frilled lizards
  4 rats
74 creatures vanquished.

Vanquished Creatures (others)
  A plant (D:2)
  5 withered plants (D:2)
6 creatures vanquished.

Grand Total: 80 creatures vanquished

Notes
Turn   | Place    | Note
-------+----------+-------------------------------------------
     0 | D:1      | ryw the Demonspawn Monk began the quest for the Orb.
     0 | D:1      | Reached XP level 1. HP: 18/18 MP: 1/1
   232 | D:1      | Gained mutation: Your touch may inflict minor irresistible
                  | damage on your foes. [demonic ancestry]
   232 | D:1      | Reached XP level 2. HP: 14/24 MP: 2/2
   543 | D:1      | Reached skill level 4 in Fighting
   852 | D:2      | Reached XP level 3. HP: 31/31 MP: 3/3
  1012 | D:2      | Found a faded altar of an unknown god.
  1064 | D:2      | Prayed at the altar of an unknown god.
  1064 | D:2      | Became a worshipper of Ignis, the Dying Flame
  1064 | D:2      | Reached ****** piety under Ignis
  1566 | D:2      | Gained mutation: You are partially covered in razor-sharp
                  | scales. (AC +1, Slay +1) [demonic ancestry]
  1566 | D:2      | Reached XP level 4. HP: 33/38 MP: 4/4
  1901 | D:3      | Reached skill level 5 in Fighting
  2048 | D:3      | Found a shadowy altar of Dithmenos.
  2167 | D:3      | Reached skill level 1 in Axes
  2242 | D:3      | Found an iron altar of Okawaru.
  2298 | D:3      | Noticed Jessica
  2302 | D:3      | Killed Jessica
  2303 | D:3      | Reached XP level 5. HP: 44/44 MP: 5/5
  2341 | D:3      | Found Irghe's Jewellery Shoppe.
  2538 | D:4      | Noticed Eustachio
  2540 | D:4      | Noticed a phantom
  2574 | D:4      | Noticed an ogre
  2580 | D:4      | Killed an ogre
  2581 | D:4      | Reached XP level 6. HP: 52/52 MP: 6/6
  2595 | D:4      | Reached skill level 6 in Fighting
  2672 | D:4      | Noticed Dowan
  2673 | D:4      | Noticed Duvessa
  2679 | D:4      | Killed Dowan
  2686 | D:4      | HP: 1/53 [Duvessa/+0 short sword (9)]
  2699 | D:4      | Slain by Duvessa

Illustrated notes

Levels and vault maps discovered:
D:1:      mrwooster_arrival_statue_3, layout_basic, dreamdust_princess_bridge,
          st_stairs_11
D:2:      layout_loops_corners, shapermc_ecumenical_altar_flowoftime
D:3:      layout_rooms, okawaru_altar_gauntlet_db, lemuel_round_altar,
          serial_shops, nicolae_shop_waterfront, kennysheep_decorative_pillar,
          uniq_jessica
D:4:      layout_rooms, minmay_temple_entry_statues_pillars, uniq_duvessa,
          uniq_eustachio

Skill      XL: |  1  2  3  4  5  6 |
---------------+-------------------+-----
Fighting       | 4 5 6 |  6.4
Axes           | 1 2 3 |  3.0
Dodging        | |  2.6
Stealth        | |  1.7
Unarmed Combat | |  2.6

Action                   |  1- 3 |  4- 6 || total
-------------------------+-------+-------++-------
Melee: Unarmed           |   116 |       ||   116
       Touch             |    13 |    25 ||    38
       War axe           |     5 |   100 ||   105
       Punch             |     2 |     4 ||     6
  Use: Scroll            |       |     7 ||     7
       Potion            |       |     6 ||     6
 Stab: Sleeping          |     8 |     1 ||     9
Armor: Robe              |    39 |       ||    39
       Ring mail         |     1 |    44 ||    45
       Skin              |       |     4 ||     4
Dodge: Dodged            |    63 |    53 ||   116

Table legend: (Time is in decaauts)
 A = Elapsed time spent in this place.
 B = Non-inter-level travel time spent in this place.
 C = Inter-level travel time spent in this place.
 D = Time resting spent in this place.
 E = Time spent auto-exploring this place.
 F = Levels seen in this place.
 G = Mean time per level.
                   A        B        C        D        E       F      G
               +--------+--------+--------+--------+--------+-----+--------+
         Total |   2732 |   2599 |    133 |     82 |   1896 |   4 |  683.0 |
       Dungeon |   2732 |   2599 |    133 |     82 |   1896 |   4 |  683.0 |
               +--------+--------+--------+--------+--------+-----+--------+

Top non-repeatable levels by time:
     D:2: 1066 daAuts
     D:1: 827 daAuts
     D:3: 702 daAuts
     D:4: 135 daAuts
